 Dungeon Crawl Stone Soup version 0.29.1-1-gd02db6906a (webtiles) character file.

Game seed: 7507940669532666803

70 TowerOfEmptiness the Insei (level 4, 0/35 HPs)
             Began as a Draconian Transmuter on Oct 2, 2022.
             Slain by a gnoll
             ... wielding a +0 whip
              (2 damage)
             ... on level 3 of the Dungeon.
             The game lasted 00:19:51 (2615 turns).

TowerOfEmptiness the Insei (Draconian Transmuter)   Turns: 2615, Time: 00:19:52

Health: 0/35       AC:  7    Str: 13    XL:     4   Next: 3%
Magic:  7/7        EV: 12    Int: 13    God:
Gold:   89         SH:  0    Dex: 13    Spells: 6/7 levels left

rFire   . . .      SeeInvis .     - Unarmed
rCold   . . .      Faith    .   (no shield)
rNeg    . . .      Spirit   .   (body armour unavailable)
rPois   .          Reflect  .   o - +0 hat {Will+}
rElec   .          Harm     .   (no cloak)
rCorr   .          Rampage  .   (no gloves)
Will    +....                   m - +1 pair of boots
Stlth   +.........              (no amulet)
HPRegen 0.11/turn               (no ring)
MPRegen 0.10/turn               (no ring)

@: flying
A: AC +5, unfitting armour, cold-blooded
a: no special abilities


You were on level 3 of the Dungeon.
You visited 1 branch of the dungeon, and saw 3 of its levels.

You collected 89 gold pieces.

Inventory:

Hand Weapons
 g - a +0 dagger
 h - a +0 dagger
 j - a +0 dagger
 k - a +0 dagger
 n - a +0 dagger of electrocution
 q - a +0 short sword
 t - a +0 vampiric dagger
 v - a +0 spear
Armour
 m - a +1 pair of boots (worn)
 o - a +0 hat of willpower (worn)
Scrolls
 c - a scroll of teleportation {unknown}
 f - a scroll of noise {unknown}
 s - a scroll of identify
 u - a scroll of enchant weapon {unknown}
Potions
 a - a potion of lignification
 b - a potion of cancellation {unknown}
 e - 2 potions of might
 p - a potion of ambrosia {unknown}
 r - a potion of flight


   Skills:
 + Level 1.5 Fighting
 + Level 2.3 Dodging
 - Level 0.1 Stealth
 + Level 4.1 Unarmed Combat
 + Level 2.2 Spellcasting
 + Level 2.2 Transmutations


You had 6 spell levels left.
You knew the following spells:

 Your Spells              Type           Power      Damage    Failure   Level
a - Beastly Appendage     Tmut           14%        N/A       10%         1

Your spell library contained the following spells:

 Spells                   Type           Power      Damage    Failure   Level
 Wereblood                Tmut           7%         N/A       16%         2
 Spider Form              Tmut/Pois      4%         N/A       43%         3
 Ice Form                 Ice/Tmut       4%         N/A       83%         4
 Conjure Ball Lightning   Conj/Air       0%         3x3d6     100%        6
 Discord                  Hex            0%         N/A       100%        8
 Disjunction              Tloc           0%         N/A       100%        8
 Chain Lightning          Conj/Air       0%         2d1       100%        9
 Fire Storm               Conj/Fire      0%         6d1       100%        9
 Shatter                  Erth           0%         3d5*      100%        9


Dungeon Overview and Level Annotations

Branches:
Dungeon (3/15)

Altars:


Innate Abilities, Weirdness & Mutations

Your plain brown scales are hard. (AC +5)
You cannot fit into any form of body armour.
You are cold-blooded and may be slowed by cold attacks.


Message History

You feel less strong-willed.
The gnoll hits you from afar with a +0 spear.
The gnoll misses you. The gnoll barely misses you.
The gnoll hits you with a +0 whip. The gnoll attacks as you move away!
The gnoll hits you with a +0 whip. The gnoll attacks as you move away!
The gnoll hits you with a +0 whip.
* * * LOW HITPOINT WARNING * * *
The gnoll hits you with a +0 whip.
* * * LOW HITPOINT WARNING * * *
It was a potion of flight.
You feel very buoyant.
You fly up into the air.
Your transformation is almost over.
The gnoll closely misses you. The gnoll hits you with a +0 whip!
* * * LOW HITPOINT WARNING * * *
The gnoll attacks as you move away! The gnoll closely misses you.
The gnoll attacks as you move away! The gnoll hits you but does no damage.
The gnoll attacks as you move away! The gnoll barely misses you.
A hobgoblin comes into view.
The hobgoblin shouts!
You hear a shout!
There are monsters nearby!
As you read the scroll labelled DODGHEOBUMP, it crumbles to dust.
It is a scroll of enchant armour.
Your +0 pair of boots glows green for a moment.
The gnoll barely misses you.
As you read the scroll labelled EHENO PEXTAECH, it crumbles to dust.
The scroll dissolves into smoke.
It was a scroll of fog.
Your horns disappear.
Your talons disappear.
Your +0 hat of willpower unmelds from your body.
Your +1 pair of boots unmelds from your body.
You feel strong-willed. The hobgoblin completely misses you.
You barely miss the hobgoblin.
Your tail-slap misses the hobgoblin.
The gnoll hits you but does no damage. The gnoll barely misses you.
The hobgoblin barely misses you.
There are monsters nearby!
As you read the scroll labelled KUOCUL GUBLE, it crumbles to dust.
It is a scroll of identify.
e - 2 potions of might The gnoll closely misses you.
The gnoll hits you with a +0 whip.
You die...

#.# ####'##### ## #........# .#
#........# .# #........# .#
#g)......# .# #.# #.r......# .#
#....##### #.######## .#
####.§g@g####r# .#
#.######g##...# .# #.# #rg§.###
.#########.# ###..##########
...........# #>..........#
##########.##################.#
#.................##.#
#################.##.# #.##.#


You could see 3 gnolls, a hobgoblin and a rat.

Vanquished Creatures
  3 dart slugs
  2 worms
  8 bats
  4 endoplasms
  A giant cockroach (D:2)
  5 hobgoblins
  4 jackals (D:1)
  3 quokkas
  6 ball pythons
  A frilled lizard (D:1)
  7 goblins
  7 kobolds
  4 rats
55 creatures vanquished.

Vanquished Creatures (others)
  5 plants (D:1)
5 creatures vanquished.

Grand Total: 60 creatures vanquished

Notes
Turn   | Place    | Note
-------+----------+-------------------------------------------
     0 | D:1      | TowerOfEmptiness the Draconian Transmuter began the quest
                  | for the Orb.
     0 | D:1      | Reached XP level 1. HP: 16/16 MP: 3/3
    27 | D:1      | Found a faded altar of an unknown god.
   367 | D:1      | Reached XP level 2. HP: 20/23 MP: 5/5
   848 | D:1      | Reached XP level 3. HP: 22/28 MP: 6/6
  1810 | D:2      | Reached skill level 4 in Unarmed Combat
  2408 | D:3      | Reached XP level 4. HP: 33/35 MP: 7/7
  2604 | D:3      | HP: 1/35 [gnoll/+0 whip (7)]
  2615 | D:3      | Slain by a gnoll

Illustrated notes

Levels and vault maps discovered:
D:1:      eino_arrival_water_cross, layout_loops_ring, basic_ecumenical_altar,
          serial_bayou_pond_b
D:2:      layout_basic, chequers_mini_garden
D:3:      layout_basic, nzn_wu_jian_contemplation, uniq_crazy_yiuf_cottage

Skill      XL: |  1  2  3 |
---------------+----------+-----
Dodging        | 2 |  2.3
Unarmed Combat | 4 |  4.1
Fighting       | |  1.5
Stealth        | |  0.1
Spellcasting   | |  2.2
Transmutations | |  2.2

Action                   |  1- 3 |  4- 6 || total
-------------------------+-------+-------++-------
Melee: Unarmed           |   180 |     7 ||   187
       Tailslap          |    14 |     1 ||    15
       Punch             |     7 |       ||     7
       Kick              |     2 |       ||     2
       Headbutt          |     1 |       ||     1
Throw: Javelin           |     6 |     2 ||     8
 Cast: Beastly Appendage |     3 |     1 ||     4
  Use: Scroll            |       |     3 ||     3
       Potion            |       |     1 ||     1
Armor: Skin              |    68 |     5 ||    73
Dodge: Dodged            |   116 |    14 ||   130
